AoeStats
← cristobalfelipeg

Nomad

508970852Analyzed
2v2 RM · 8d ago on Sep 24, 2026· 34m 51s· 4 players
Game mode
Random Map
Map size
176×176
Population
200
Speed
Normal
Resources
Standard
Victory
Conquest
Starting age
Dark Age
Ending age
Imperial Age
RankedLock teamsTeams togetherTeam positionsShared explorationLock speedFull tech treeHidden civsTurbo modeCheats
Victory
Defeat
🇨🇱 Chinese · Chile
947
+14
🇺🇸 Saxons · United States
936
+14
🇺🇸 Italians · United States
948
-16
🇺🇸 Romans · United States
851
-15
cristobalfelipeg
4:07 Loom
17:12 Feudal Age
17:39 Horse Collar
17:45 Double-Bit Axe
19:31 Wheelbarrow
18:42 Town Watch
20:00 Padded Archer Armor
21:44 Fletching
22:23 Gold Mining
26:03 Stone Mining
30:28 Castle Age
29:13 Scale Barding Armor
30:31 Bloodlines
30:48 Forging
31:29 Husbandry
32:19 Bow Saw
34:11 Heavy Plow
35:32 Gold Shaft Mining
Spar27
11:24 Feudal Age
20:07 Castle Age
18:32 Double-Bit Axe
18:37 Loom
21:40 Fletching
23:04 Bodkin Arrow
30:38 Scale Mail Armor
30:49 Forging
34:32 Imperial Age
214
6:03 Loom
15:54 Feudal Age
17:38 Man-at-Arms
18:59 Wheelbarrow
18:15 Fishing Lines
26:20 Horse Collar
26:28 Double-Bit Axe
35:47 Castle Age
darkjohn
10:32 Loom
13:41 Feudal Age
18:47 Castle Age
16:41 Double-Bit Axe
18:10 Horse Collar
19:20 Crossbowman
21:43 Bow Saw
27:46 Fletching
29:40 Horse Collar
30:47 Ballistics
30:47 Bodkin Arrow
31:09 Padded Archer Armor
31:51 Bloodlines
32:08 Forging
32:16 Thumb Ring
33:39 Iron Casting
35:24 Wheelbarrow
Connection lost

Rejoining the realm…

Still unreachable

The connection could not be restored.

Session expired

The server has moved on; the page needs a fresh start.